 Dungeon Crawl Stone Soup version 0.32-a0-738-g1a05c61809 (webtiles) character file.

Game seed: 12525429259091666842

80 Nvm9 the Trooper (level 4, -4/36 HPs)
             Began as a Demonspawn Fighter on Mar 17, 2024.
             Was a Follower of Yredelemnul.
             Slain by Duvessa
             ... wielding a +0 rapier
              (7 damage)
             ... on level 4 of the Dungeon.
             The game lasted 00:05:43 (2961 turns).

Nvm9 the Trooper (Demonspawn Fighter)               Turns: 2961, Time: 00:05:45

Health: -4/36      AC: 11    Str: 18    XL:     4   Next: 18%
Magic:  4/4        EV:  4    Int:  8    God:    Yredelemnul [*.....]
Gold:   149        SH:  4    Dex: 13    Spells: 3/3 levels left

rFire   . . .        a - +0 long sword
rCold   . . .        c - +0 buckler
rNeg    . . .        s - +0 plate armour
rPois   .            (no helmet)
rElec   .            (no cloak)
rCorr   .            (no gloves)
SInv    .            (no boots)
Will    .....        (no amulet) Stlth
                     (no ring)
HPRegen 0.26/turn    (no ring)
MPRegen 0.09/turn

%: no passive effects
@: about to teleport, hasted, wreathed by umbra, very quick
A: weakness stinger 2, foul shadow 1
a: Renounce Religion, Light the Black Torch, Recall Undead Harvest


You were on level 4 of the Dungeon.
You worshipped Yredelemnul.
Yredelemnul was noncommittal.
You visited 1 branch of the dungeon, and saw 4 of its levels.

You collected 149 gold pieces.

Inventory:

Hand Weapons
 a - a +0 long sword (weapon)
 q - a -3 spear of venom
Missiles
 r - 4 boomerangs (quivered)
Armour
 b - a +0 scale mail
 c - a +0 buckler (worn)
 s - a +0 plate armour (worn)
Magical Staves
 e - a staff of air
 l - a staff of conjuration
Jewellery
 i - a ring of magical power
Scrolls
 j - a scroll of vulnerability
 m - 2 scrolls of fear {unknown}
 o - a scroll of identify {unknown}
 p - a scroll of enchant armour {unknown}
Potions
 d - a potion of might
 f - 2 potions of haste
 g - a potion of mutation {unknown}
 k - 2 potions of curing {unknown}
 n - a potion of heal wounds {unknown}


   Skills:
 * Level 3.6 Fighting
 * Level 2.5 Long Blades
 * Level 3.2 Armour
 * Level 3.2 Shields


You had 3 spell levels left.
You didn't know any spells.
Your spell library contained the following spells:

 Spells                   Type           Power      Damage    Failure   Level
 Apportation              Tloc           0%         N/A       100%        1
 Kiss of Death            Conj/Necr      0%         2d5       100%        1
 Necrotise                Necr           0%         1d4       100%        1
 Sting                    Conj/Alch      0%         1d3       100%        1
 Summon Small Mammal      Summ           0%         N/A       100%        1
 Confusing Touch          Hex            0%         N/A       100%        3
 Fugue of the Fallen      Necr           0%         N/A       100%        3
 Summon Ice Beast         Ice/Summ       0%         N/A       100%        3
 Teleport Other           Tloc           0%         N/A       100%        3
 Anguish                  Hex/Necr       0%         N/A       100%        4
 Dispel Undead            Necr           0%         3d6       100%        4
 Passage of Golubria      Tloc           0%         N/A       100%        4
 Silence                  Hex/Air        0%         N/A       100%        5
 Summon Mana Viper        Hex/Summ       0%         N/A       100%        5
 Monstrous Menagerie      Summ           0%         N/A       100%        7
 Lehudib's Crystal Spear  Conj/Erth      0%         10d2      100%        8


Dungeon Overview and Level Annotations

Branches:
Dungeon (4/15)
 Temple: D:4-7

Altars:
Dithmenos
Yredelemnul

Shops:
D:1 ?

Annotations:
D:4 Dowan, Duvessa


Innate Abilities, Weirdness & Mutations

You have a tail ending in a sharp stinger.
You are faintly shadowed, very rarely releasing foul flame when damaged in melee.


Message History

Dowan gestures wildly while chanting.
Dowan blinks!
You closely miss Duvessa.
The iguana bites you but does no damage.
You block Duvessa's attack.
Your hobgoblin zombie closely misses Dowan.
Unknown command.
You hit Duvessa but do no damage. The iguana bites you.
Duvessa hits you but does no damage.
Your hobgoblin zombie misses Dowan.
Unknown command.
You barely miss Duvessa.
You tail-slap Duvessa, but do no damage.
The iguana bites you but does no damage.
Duvessa hits you with a +0 rapier.
Your hobgoblin zombie misses Dowan.
You barely miss Duvessa.
The iguana bites you but does no damage.
Duvessa hits you with a +0 rapier. The iguana bites you!
Duvessa says, "Did you see that move?
Perfect!"
Duvessa hits you with a +0 rapier!
* * * LOW HITPOINT WARNING * * *
Your hobgoblin zombie closely misses Dowan.
As you read the scroll of teleportation, it crumbles to dust.
You feel strangely unstable.
The iguana bites you but does no damage.
Dowan mumbles some strange words.
Dowan blinks!
Duvessa hits you but does no damage.
You hit Duvessa but do no damage.
Your hobgoblin zombie barely misses the iguana.
The iguana bites you but does no damage.
Dowan says, "Magic and the sword, together, will defeat you."
Dowan mumbles some strange words.
Dowan blinks!
Duvessa hits you with a +0 rapier.
* * * LOW HITPOINT WARNING * * *
It was a potion of haste.
You feel yourself speed up.
Your hobgoblin zombie hits the iguana.
The iguana bites you.
* * * LOW HITPOINT WARNING * * *
An orc comes into view. It is wielding a +4 dagger of venom.
Duvessa hits you with a +0 rapier!
You die...
Your body rises from the dead as a mindless zombie.

.. ## #.# .< ... .# #g#
#. . #l# #..#.#.#.# #
#..#.#.#o######e# #.
.......gl@e..ยง.#
#####.##.#.#.#Z#########
......................>#
#........####.#.#######
#.........Z...#Z#
#.........##....#
#.........##.####
#.........##.#
###...##+#.##.#


You could see Duvessa (ally target), Dowan, an iguana, an orc, a goblin and a
friendly hobgoblin zombie.

Vanquished Creatures
  An adder (D:2)
  3 ribbon worms (D:2)
  A dart slug (D:2)
  5 bats (D:1)
  8 endoplasms
  2 giant cockroaches
  2 goblins
  7 hobgoblins
  8 jackals (D:1)
  4 kobolds
  2 quokkas
  7 ball pythons
  A frilled lizard (D:1)
  5 rats
56 creatures vanquished.

Vanquished Creatures (others)
  A ball python zombie (D:4)
  A hobgoblin zombie (D:4)
2 creatures vanquished.

Grand Total: 58 creatures vanquished

Notes
Turn   | Place    | Note
-------+----------+-------------------------------------------
     0 | D:1      | Nvm9 the Demonspawn Fighter began the quest for the Orb.
     0 | D:1      | Reached XP level 1. HP: 18/18 MP: 1/1
    72 | D:1      | Found Bagak's Magic Scroll Shoppe.
    76 | D:1      | Got the Disquisition on Grave Points
   101 | D:1      | Discovered your monstrous ancestry.
   101 | D:1      | Gained mutation: You have a small tail. [demonic ancestry]
   101 | D:1      | Reached XP level 2. HP: 22/24 MP: 2/2
   679 | D:1      | Gained mutation: You are faintly shadowed, very rarely
                  | releasing foul flame when damaged in melee. [demonic
                  | ancestry]
   679 | D:1      | Reached XP level 3. HP: 20/29 MP: 3/3
  1985 | D:3      | Gained mutation: You have a tail ending in a sharp stinger.
                  | [demonic ancestry]
  1985 | D:3      | Reached XP level 4. HP: 34/35 MP: 4/4
  2087 | D:3      | Found a shadowy altar of Dithmenos.
  2444 | D:3      | Found a faded altar of an unknown god.
  2543 | D:3      | Prayed at the altar of an unknown god.
  2543 | D:3      | Became a worshipper of Yredelemnul the Fallen
  2543 | D:3      | Reached * piety under Yredelemnul
  2948 | D:4      | Noticed Duvessa
  2948 | D:4      | Noticed Dowan
  2961 | D:4      | Slain by Duvessa

Illustrated notes

Levels and vault maps discovered:
D:1:      shiori_shiawase, layout_basic, serial_shops, shop, minmay_tromino_v7
D:2:      layout_basic, minivault_4, chequers_garden
D:3:      layout_basic, lemuel_tele_altar, ebering_ecumenical_altar_rust,
          hangedman_decor_growths
D:4:      kennysheep_big_flooded_room, layout_basic, biasface_ghost_orc_armoury,
          lexackson_kobold_supper, uniq_duvessa

Skill      XL: |  1  2 |
---------------+-------+-----
Long Blades    | 2 |  2.5
Armour         | 3 |  3.2
Shields        | 3 |  3.2
Fighting       | |  3.6

Action                     |  1- 3 |  4- 6 || total
---------------------------+-------+-------++-------
  Melee: Long sword        |   153 |    34 ||   187
         Tailslap          |    10 |     3 ||    13
    Use: Scroll            |     5 |     1 ||     6
         Potion            |       |     1 ||     1
 Armour: Scale mail        |   121 |    12 ||   133
         Plate armour      |       |    23 ||    23
  Dodge: Dodged            |    62 |    12 ||    74
  Block: Buckler           |    38 |     8 ||    46

Table legend: (Time is in decaauts)
 A = Elapsed time spent in this place.
 B = Non-inter-level travel time spent in this place.
 C = Inter-level travel time spent in this place.
 D = Time resting spent in this place.
 E = Time spent auto-exploring this place.
 F = Levels seen in this place.
 G = Mean time per level.
                   A        B        C        D        E       F      G
               +--------+--------+--------+--------+--------+-----+--------+
         Total |   3021 |   2893 |    128 |    149 |   2186 |   4 |  755.2 |
       Dungeon |   3021 |   2893 |    128 |    149 |   2186 |   4 |  755.2 |
               +--------+--------+--------+--------+--------+-----+--------+

Top non-repeatable levels by time:
     D:1: 1150 daAuts
     D:2: 853 daAuts
     D:3: 626 daAuts
     D:4: 390 daAuts
